AoeStats
← ACRAGT

Arabia

510436782Analyzed
1v1 RM · 2d ago on Oct 1, 2026· 44m 4s· 2 players
Game mode
Random Map
Map size
Tiny (2 player)
Population
200
Speed
Normal
Resources
Standard
Victory
Conquest
Starting age
Dark Age
Ending age
Imperial Age
RankedLock teamsTeams togetherTeam positionsShared explorationLock speedFull tech treeHidden civsTurbo modeCheats
Victory
Defeat
🇨🇱 Franks · Chile
817
+15
🇧🇷 Portuguese · Brazil
792
-38
ACRAGT
10:38 Feudal Age
12:00 Wheelbarrow
12:31 Horse Collar
14:03 Double-Bit Axe
17:44 Scale Barding Armor
20:42 Forging
22:53 Castle Age
26:07 Bow Saw
26:44 Gold Mining
29:20 Arson
29:23 Gambesons
32:19 Bloodlines
32:10 Husbandry
33:45 Loom
34:24 Hand Cart
34:36 Hand Cart
36:16 Sanctity
35:58 Devotion
35:58 Herbal Medicine
39:56 Imperial Age
39:47 Heavy Plow
39:43 Town Watch
39:50 Town Watch
41:01 Iron Casting
40:27 Scale Mail Armor
40:28 Padded Archer Armor
40:18 Fletching
40:36 Circumnavigation
40:58 Sappers
41:56 Conscription
42:49 Cavalier
Bez
11:21 Feudal Age
11:10 Loom
13:25 Double-Bit Axe
14:12 Loom
18:05 Castle Age
17:29 Forging
17:26 Scale Barding Armor
19:33 Bow Saw
20:49 Wheelbarrow
21:19 Stone Mining
23:07 Gold Mining
24:30 Hand Cart
30:22 Imperial Age
30:56 Cavalier
31:37 Husbandry
32:30 Ballistics
32:18 Chivalry
33:02 Gold Shaft Mining
34:13 Iron Casting
33:29 Fletching
33:40 Padded Archer Armor
34:01 Chain Barding Armor
33:44 Paladin
35:11 Conscription
36:34 Fervor
37:14 Elite Skirmisher
37:55 Bodkin Arrow
38:14 Siege Engineers
40:20 Blast Furnace
39:57 Plate Barding Armor
41:19 Leather Archer Armor
42:41 Chemistry
Connection lost

Rejoining the realm…

Still unreachable

The connection could not be restored.

Session expired

The server has moved on; the page needs a fresh start.